 Dungeon Sprint DCSS version 0.22.1-1-ga44c0e56f4 (webtiles) character file.

4956 MuseOD the Unseen (level 10, -4/84 HPs)
             Began as a Spriggan Enchanter on Sept 23, 2018.
             Was a High Priest of Dithmenos.
             Slain by a spriggan
             ... wielding a +0 rapier
              (11 damage)
             ... in the Dungeon (Sprint IV: "Fedhas' Mad Dash").
             The game lasted 00:04:06 (1583 turns).

MuseOD the Unseen (Spriggan Enchanter)              Turns: 1583, Time: 00:04:07

Health: -4/84      AC:  2    Str:  9    XL:     10   Next: 28%
Magic:  3/24       EV: 18    Int: 20    God:    Dithmenos [*****.]
Gold:   182        SH:  0    Dex: 17    Spells: 9/27 levels left

rFire    . . .     SeeInvis +   l - +0 rapier
rCold    . . .     Gourm    .   (shield restricted)
rNeg     . . .     Faith    .   b - +0 robe
rPois    .         Spirit   .   (helmet restricted)
rElec    .         Reflect  .   (no cloak)
rCorr    .         Harm     .   (gloves unavailable)
MR       +....     NoTele   +   (boots unavailable)
Stlth    ..........             c - amulet of invisibility {+Inv}
HPRegen  0.24/turn              (no ring)
MPRegen  0.19/turn              (no ring)

@: berserking, very slightly contaminated, wreathed by umbra, very quick
A: very small, unfitting armour, see invisible, herbivore, speed 3, slow
metabolism 2
a: Shadow Step, Shadow Form, Renounce Religion, Evoke Invisibility


You were in the Dungeon.
You worshipped Dithmenos.
Dithmenos was extremely pleased with you.
You were very hungry.

You visited 1 branch You collected 182 gold pieces.

Inventory:

Hand Weapons
 a - a +1 dagger
 l - a +0 rapier (weapon)
Armour
 b - a +0 robe (worn)
Jewellery
 c - the amulet of invisibility (around neck) {+Inv}
   (You found it in the Dungeon)

   [amulet of nothing]

   It lets you turn invisible.
 q - an uncursed amulet of rage {unknown}
Wands
 n - a wand of scattershot (6)
 o - a wand of flame (17)
Scrolls
 k - a scroll of identify {unknown}
Potions
 e - a potion of curing
 f - a potion of heal wounds
 g - a potion of haste
 h - 2 potions of magic
 m - a potion of might {unknown}
 p - 2 potions of mutation {unknown}
Comestibles
 d - 2 rations


   Skills:
 - Level 8.3 Fighting
 + Level 16.2 Short Blades
 - Level 3.0 Dodging
 + Level 18.1 Stealth
 + Level 9.4 Spellcasting
 + Level 9.7 Hexes


You had 9 spell levels left.
You knew the following spells:

 Your Spells              Type           Power        Failure   Level  Hunger
a - Corona                Hex            #####..      1%          1    None
b - Ensorcelled Hibernat  Hex/Ice        ####..       1%          2    None
c - Confuse               Hex            #####...     1%          3    None
d - Tukima's Dance        Hex            #####...     1%          3    None
e - Dazzling Spray        Conj/Hex       ####..       3%          3    None
f - Mephitic Cloud        Conj/Pois/Air  #.......     22%         3    None
g - Conjure Flame         Conj/Fire      #.......     22%         3    None

Your spell library contained the following spells:

 Spells                   Type           Power        Failure   Level  Hunger
 Slow                     Hex            #####...     1%          2    None
 Magic Dart               Conj           #...         8%          1    None
 Blink                    Tloc           N/A          11%         2    None
 Call Imp                 Summ           #.......     11%         2    None


Dungeon Overview and Level Annotations

Branches:
Dungeon (1/1)

Altars:
Cheibriados
Dithmenos
Elyvilon
Gozag
Hepliaklqana
Kikubaaqudgha
Makhleb
Nemelex Xobeh
Okawaru
Qazlal
Ru
Sif Muna
Trog
Uskayaw
Vehumet
Wu Jian
Xom
Yredelemnul
Zin
The Shining One
Beogh
Jiyva
Lugonu

Shops:
D [([(?


Innate Abilities, Weirdness & Mutations

You are very small and have problems with some larger weapons.
You are too small for most types of armour.
You have supernaturally acute eyesight. (SInv)
You are a herbivore.
You cover ground extremely quickly.
You need to consume almost no food.


Message History

You close the door.
A spriggan rider opens the door.
A red film seems to cover your vision as you go berserk!
You feel yourself moving faster!
You feel mighty! The spriggan rider hits you!
* * * LOW HITPOINT WARNING * * *
You barely miss the spriggan. You puncture the spriggan rider!
The spriggan rider is moderately wounded.
The spriggan closely misses you.
You closely miss the spriggan rider.
The spriggan rider is moderately wounded.
The spriggan rider hits you!
* * * LOW HITPOINT WARNING * * *
You miss the spriggan rider.
The spriggan rider is moderately wounded.
You puncture the spriggan rider!
The spriggan rider is heavily wounded.
You puncture the spriggan rider!
The spriggan rider is severely wounded.
The spriggan hits you with a rapier!
You die...

#################################
...#.⌠._._._._.⌠.#.['.).#....##∩#
().'.._._._._._..'[.#...#....'.[#
...#..._._._._...#..###'##.(.##∩#
#'##.._._._._._..#..##∩∩.'...####
...#._._._._._.⌠.################
...###################.....[###..
####♣♣♣♣♣..♣.###@i(.'.....[.'i)..
.|'......♣..♣##.i#..#.P.....#####
..#♣..♣♣♣.♣).###.##+##.P....#
..#.♣♣.)♣...♣'...# ######## ####
############


You could see a spriggan rider, a spriggan and a friendly spear.

Vanquished Creatures
  A spriggan druid (D)
  6 oklob plants (D)
  A demonic crawler (D)
  A queen bee (D)
  3 wandering mushrooms (D)
  3 burning bushes (D)
  2 scorpions (D)
  4 killer bees (D)
  A worker ant (D)
  5 oklob saplings (D)
  3 spriggans (D)
  A river rat (D)
  A rat (D)
  A ballistomycete spore (D)
33 creatures vanquished.

Notes
Turn   | Place    | Note
-------+----------+-------------------------------------------
     0 | D        | MuseOD the Spriggan Enchanter began the quest for the Orb.
     0 | D        | Reached XP level 1. HP: 9/9 MP: 5/5
     8 | D        | Reached skill level 1 in Fighting
     8 | D        | Reached skill level 5 in Stealth
     8 | D        | Reached XP level 2. HP: 14/14 MP: 6/6
    17 | D        | Learned a level 2 spell: Ensorcelled Hibernation
    20 | D        | Noticed an oklob sapling
    21 | D        | Killed an oklob sapling
    21 | D        | Reached skill level 6 in Stealth
    21 | D        | Reached XP level 3. HP: 19/19 MP: 8/8
    26 | D        | Learned a level 3 spell: Confuse
    28 | D        | Found the amulet of invisibility {+Inv}
    29 | D        | Reached skill level 5 in Short Blades
    29 | D        | Reached skill level 7 in Stealth
    42 | D        | Noticed an oklob sapling
    45 | D        | Killed an oklob sapling
    45 | D        | Reached XP level 4. HP: 24/24 MP: 9/9
    56 | D        | Found an opulent altar of Gozag.
    56 | D        | Found a hazy altar of Hepliaklqana.
    56 | D        | Found a roughly hewn altar of Beogh.
    56 | D        | Found a snail-covered altar of Cheibriados.
    57 | D        | Found a viscous altar of Jiyva.
    57 | D        | Found a burning altar of Makhleb.
    57 | D        | Found a sparkling altar of Nemelex Xobeh.
    57 | D        | Found a sacrificial altar of Ru.
    57 | D        | Found a deep blue altar of Sif Muna.
    57 | D        | Found a bloodstained altar of Trog.
    57 | D        | Found an ornate altar of the Wu Jian Council.
    57 | D        | Found a shimmering altar of Xom.
    57 | D        | Found a basalt altar of Yredelemnul.
    58 | D        | Found an iron altar of Okawaru.
    58 | D        | Found a shadowy altar of Dithmenos.
    58 | D        | Found a glowing silver altar of Zin.
    59 | D        | Found an ancient bone altar of Kikubaaqudgha.
    59 | D        | Found a hide-covered altar of Uskayaw.
    60 | D        | Found a stormy altar of Qazlal.
    60 | D        | Found a glowing golden altar of the Shining One.
    60 | D        | Found a white marble altar of Elyvilon.
    61 | D        | Found a radiant altar of Vehumet.
    61 | D        | Found a corrupted altar of Lugonu.
    64 | D        | Reached skill level 8 in Stealth
    64 | D        | Reached XP level 5. HP: 29/29 MP: 7/10
    68 | D        | Became a worshipper of Dithmenos the Shadowed
   212 | D        | Reached skill level 9 in Stealth
   233 | D        | Reached * piety under Dithmenos
   233 | D        | Reached skill level 10 in Stealth
   336 | D        | Found Jeiribak's Antique Weapon Shop.
   336 | D        | Found Reostrama's Antique Armour Emporium.
   343 | D        | Noticed a burning bush
   343 | D        | Noticed a wandering mushroom
   344 | D        | Noticed a wandering mushroom
   346 | D        | Killed a wandering mushroom
   346 | D        | Reached skill level 12 in Stealth
   346 | D        | Reached XP level 6. HP: 36/36 MP: 11/11
   349 | D        | Killed a wandering mushroom
   349 | D        | Reached ** piety under Dithmenos
   349 | D        | Reached XP level 7. HP: 41/41 MP: 12/12
   361 | D        | Reached skill level 13 in Stealth
   767 | D        | Killed a burning bush
   855 | D        | Found Jiud's Antique Weapon Emporium.
   855 | D        | Found Fometwux's Antique Armour Shoppe.
   904 | D        | Noticed a queen bee
   908 | D        | Reached XP level 8. HP: 46/46 MP: 11/13
   910 | D        | Reached *** piety under Dithmenos
   914 | D        | Reached skill level 14 in Stealth
   918 | D        | Killed a queen bee
  1045 | D        | Noticed an oklob plant
  1048 | D        | Killed an oklob plant
  1048 | D        | Reached skill level 15 in Stealth
  1062 | D        | Noticed a burning bush
  1065 | D        | Killed a burning bush
  1065 | D        | Reached **** piety under Dithmenos
  1065 | D        | Reached XP level 9. HP: 52/52 MP: 13/15
  1075 | D        | Noticed a burning bush
  1075 | D        | Noticed an oklob plant
  1076 | D        | Noticed a wandering mushroom
  1077 | D        | Killed a burning bush
  1077 | D        | Reached skill level 5 in Hexes
  1090 | D        | Killed an oklob plant
  1090 | D        | Reached skill level 15 in Short Blades
  1090 | D        | Reached skill level 16 in Stealth
  1339 | D        | Noticed a spriggan druid
  1340 | D        | Killed a spriggan druid
  1340 | D        | Reached ***** piety under Dithmenos
  1354 | D        | Noticed an oklob plant conjurer
  1356 | D        | Killed an oklob plant conjurer
  1356 | D        | Reached skill level 17 in Stealth
  1366 | D        | Learned a level 3 spell: Tukima's Dance
  1370 | D        | Learned a level 3 spell: Dazzling Spray
  1374 | D        | Learned a level 3 spell: Mephitic Cloud
  1501 | D        | Noticed an oklob plant
  1501 | D        | Noticed an oklob plant summoner
  1502 | D        | Noticed an oklob plant shifter
  1504 | D        | Killed an oklob plant
  1504 | D        | Reached XP level 10. HP: 52/56 MP: 17/23
  1506 | D        | Killed an oklob plant shifter
  1508 | D        | Killed an oklob plant summoner
  1548 | D        | Learned a level 3 spell: Conjure Flame
  1550 | D        | Reached skill level 18 in Stealth
  1552 | D        | Noticed a spriggan rider
  1553 | D        | Found Riokueta's Magic Scroll Emporium.
  1583 | D        | Slain by a spriggan

Skill      XL: |  1  2  3  4  5  6  7  8  9 10 |
---------------+-------------------------------+-----
Fighting       | 1 2 3 6 7 8 |  8.3
Short Blades   | 3 4 6 7 11 12 13 14 15 16 | 16.2
Stealth        | 5 6 7 8 12 13 15 17 18 | 18.1
Spellcasting   | 3 8 9 |  9.4
Hexes          | 4 8 9 |  9.7
Dodging        | |  3.0

Action                   |  1- 3 |  4- 6 |  7- 9 | 10-12 || total
-------------------------+-------+-------+-------+-------++-------
Melee: Dagger            |     6 |    10 |       |       ||    16
       Rapier            |       |     4 |    43 |    10 ||    57
 Cast: Ensorcelled Hiber |       |     3 |     2 |       ||     5
       Confuse           |       |     1 |    16 |     7 ||    24
       Dazzling Spray    |       |       |     1 |       ||     1
       Tukima's Dance    |       |       |       |     1 ||     1
Invok: Shadow Step       |       |       |     1 |       ||     1
 Abil: Evoke Invisibilit |       |     1 |     1 |       ||     2
  Use: Scroll            |       |       |       |     1 ||     1
       Potion            |       |       |       |     1 ||     1
 Stab: Sleeping          |     4 |     6 |     7 |     3 ||    20
       Confused          |       |     1 |     6 |     1 ||     8
       Invisible         |       |       |     6 |       ||     6
Dodge: Dodged            |     2 |     5 |     9 |     2 ||    18
